 Dungeon Crawl Stone Soup version 0.29.1-13-g9f3cf754e1 (webtiles) character file.

Game seed: 7397645240373230432

545 croobank the Covert (level 7, 0/49 HPs)
             Began as an Octopode Delver on Jan 19, 2023.
             Slain by an ogre
             ... wielding a +0 giant club
              (18 damage)
             ... on level 5 of the Dungeon.
             The game lasted 00:21:58 (2710 turns).

croobank the Covert (Octopode Delver)               Turns: 2710, Time: 00:21:59

Health: 0/49       AC:  1    Str: 11    XL:     7   Next: 27%
Magic:  10/10      EV: 18    Int: 14    God:
Gold:   162        SH:  0    Dex: 14    Spells: 10/10 levels left

rFire   . . .      SeeInvis .   a - +3 war axe (elec)
rCold   . . .      Faith    .   (no shield)
rNeg    . . .      Spirit   .   (helmet restricted)
rPois   .          Reflect  .   l - amulet of regeneration
rElec   .          Harm     .   g - +4 ring of evasion
rCorr   .          Rampage  .   B - ring of wizardry
Will    .....                   (no ring)
Stlth   +++++.....              (no ring)
HPRegen 0.96/turn               (no ring)
MPRegen 0.12/turn               (no ring)
                                (no ring)
                                (no ring)

@: no status effects
A: almost no armour, amphibious, 8 rings, camouflage 1, gelatinous body 1,
(nimble swimmer 1), tentacles
a: no special abilities


You were on level 5 of the Dungeon.
You visited 1 branch of the dungeon, and saw 7 of its levels.

You collected 162 gold pieces.

Inventory:

Hand Weapons
 a - a +3 war axe of electrocution (weapon)
 n - a +0 dagger
 u - a +0 sling
Missiles
 p - 5 poisoned darts
 t - 6 boomerangs (quivered)
Jewellery
 g - a +4 ring of evasion (left tentacle)
 l - an amulet of regeneration (around mantle)
 s - an amulet of guardian spirit
 B - a ring of wizardry (right tentacle)
Wands
 f - a wand of digging (3)
 o - a wand of roots (5)
Scrolls
 b - 2 scrolls of fog
 c - 2 scrolls of magic mapping
 d - a scroll of fear
 j - 2 scrolls of teleportation
 q - 2 scrolls of blinking
Potions
 e - 2 potions of haste
 h - 2 potions of brilliance
 k - 2 potions of lignification
 m - 3 potions of mutation
 r - 2 potions of attraction {unknown}
 v - a potion of invisibility {unknown}
 w - 2 potions of curing {unknown}
 x - a potion of degeneration {unknown}
 z - 2 potions of ambrosia {unknown}
 A - a potion of berserk rage {unknown}
 C - a potion of might {unknown}


   Skills:
 * Level 4.3 Fighting
 * Level 3.7 Axes
 * Level 3.8 Dodging
 * Level 8.2 Stealth
 + Level 2.1 Spellcasting
 + Level 1.3 Conjurations
 + Level 1.5 Poison Magic


You had 10 spell levels left.
You didn't know any spells.
Your spell library contained the following spells:

 Spells                   Type           Power      Damage    Failure   Level
 Shock                    Conj/Air       12%        1d3       8%          1
 Mephitic Cloud           Conj/Pois/Air  4%         N/A       19%         3
 Ignite Poison            Fire/Tmut/Pois 2%         N/A       22%         3
 Ozocubu's Armour         Ice            1%         N/A       26%         3
 Swiftness                Air            1%         N/A       26%         3
 Airstrike                Air            0%         2d(1-17)  65%         4
 Freezing Cloud           Conj/Ice/Air   1%         6-21      89%         5
 Metabolic Englaciation   Hex/Ice        0%         N/A       92%         5
 Simulacrum               Ice/Necr       0%         N/A       100%        6


Dungeon Overview and Level Annotations

Branches:
Dungeon (7/15)
 Temple: D:4-7

Altars:
Gozag
Makhleb
Ru

Shops:
D:3 (=[([   D:6 *


Innate Abilities, Weirdness & Mutations

You cannot wear most types of armour.
You are amphibious.
You can wear up to eight rings at the same time.
Your skin changes colour to match your surroundings (Stealth+).
Your rubbery body absorbs attacks. (AC +1, EV +1)
((You are camouflaged when in or above water. (Stealth+)))
You have tentacles for arms and can constrict up to eight enemies at once.


Message History

You barely miss something.
An orc comes into view. It is wielding a +2 mace of protection.
An orc comes into view. It is wielding a +0 dagger.
Something completely misses you. Something hits you.
The orc moves out of view.
You closely miss something. Something hits you.
The orc shouts!
You slash something! You squeeze something.
Reactivating autopickup.
You feel a bit more experienced.
You hear a shout!
You hit the orc priest. You grab the orc priest. You squeeze the orc priest.
The orc priest is heavily wounded.
You constrict the orc priest, but do no damage.
The orc priest closely misses you. The orc priest misses you.
You hit the orc priest.
Lightning courses through the orc priest!
You kill the orc priest!
You slash the orc! Lightning courses through the orc!
You kill the orc!
You hit the orc but do no damage. You grab the orc.
You squeeze the orc, but do no damage. You constrict the orc.
The orc hits you with a +2 mace of protection.
The orc misses you.
An ogre comes into view. It is wielding a +0 giant club.
You hit the orc but do no damage. Lightning courses through the orc!
You kill the orc!
You hit the ogre. You squeeze the ogre!
The ogre is heavily wounded.
The ogre completely misses you.
You completely miss the ogre.
The ogre is heavily wounded.
The ogre hits you with a +0 giant club!!
Ouch! That really hurt!
You hit the ogre.
The ogre is severely wounded.
The ogre completely misses you.
You hit the ogre.
The ogre is almost dead.
The ogre hits you with a +0 giant club!!
You die...

### .# ..# #.
#$# .. #.# .
.. #.#.# #.
#†#.##..# #.
#........ #.
#@#...... #.
#O#
###..#.##.###.
...
..#........
.....
....######.
......$
#......#..
........#
#.#.#.#.#
.........#
#.......#
#.........#
#.##..###
#.>..#


You could see an ogre.

Vanquished Creatures
  An ogre (D:4)
  2 orc priests
  3 hounds
  Natasha (thrice) (D:4)
  3 orc wizards
  6 adders
  A worm (D:3)
  3 dart slugs
  8 orcs
  5 bats
  7 endoplasms
  3 giant cockroaches
  11 goblins
  6 hobgoblins
  8 jackals
  2 kobolds
  2 quokkas
  8 ball pythons
  3 frilled lizards
  2 rats (D:1)
87 creatures vanquished.

Vanquished Creatures (others)
  An orc wizard (D:5)
  A withered plant (D:1)
2 creatures vanquished.

Grand Total: 89 creatures vanquished

Notes
Turn   | Place    | Note
-------+----------+-------------------------------------------
     0 | D:5      | croobank the Octopode Delver began the quest for the Orb.
     0 | D:5      | Reached XP level 1. HP: 16/16 MP: 1/1
     1 | D:6      | Found Zofas's Assorted Antiques.
    39 | D:7      | Noticed an ice beast
    47 | D:6      | Noticed an iguana
   116 | D:4      | Found a burning altar of Makhleb.
   157 | D:4      | Reached XP level 2. HP: 13/21 MP: 2/2
   392 | D:1      | Found a faded altar of an unknown god.
   397 | D:1      | Reached XP level 3. HP: 25/26 MP: 4/4
   566 | D:1      | Reached skill level 1 in Spellcasting
   875 | D:1      | Reached skill level 7 in Stealth
  1430 | D:2      | Reached XP level 4. HP: 30/31 MP: 5/5
  1716 | D:3      | Found Ithres Leba's Antique Weapon Shoppe.
  1777 | D:3      | Found a sacrificial altar of Ru.
  1799 | D:3      | Found Itzoco's Antique Armour Shoppe.
  1843 | D:3      | Found Ixaod's Weapon Shop.
  1850 | D:3      | Reached XP level 5. HP: 36/36 MP: 7/7
  1885 | D:3      | Found Xeigh's Jewellery Emporium.
  2040 | D:3      | Found Arruj's Armour Shop.
  2187 | D:4      | Noticed Natasha
  2194 | D:4      | Killed Natasha
  2242 | D:4      | Noticed Natasha
  2247 | D:4      | Killed Natasha
  2248 | D:4      | Reached XP level 6. HP: 27/43 MP: 8/8
  2342 | D:4      | Noticed Natasha
  2348 | D:4      | Killed Natasha
  2349 | D:4      | Reached skill level 1 in Poison Magic
  2454 | D:4      | Reached skill level 1 in Conjurations
  2531 | D:4      | Reached skill level 8 in Stealth
  2620 | D:4      | Found an opulent altar of Gozag.
  2691 | D:5      | Reached XP level 7. HP: 46/48 MP: 10/10
  2710 | D:5      | Slain by an ogre

Illustrated notes

Levels and vault maps discovered:
D:1:      heliophobic_arrival_dark_side_of_the_moon, layout_basic,
          ebering_ecumenical_altar_petrified
D:2:      layout_rooms, minmay_fractal_squares_gapless_5
D:3:      layout_rooms, lemuel_doored_altar, serial_shops, nicolae_square_shop,
          shop, shop, nicolae_shop_crystal, nicolae_square_shop
D:4:      layout_basic, general_overflow_altar, lemuel_crystal_altar, hex_tiny,
          minmay_between, uniq_natasha
D:5:      layout_basic, elyvilon_altar_4
D:6:      gammafunk_cloud_chamber, layout_loops_cross, tso_oasis_becter,
          minmay_temple_entry_fiery, nicolae_stop_n_shop_1,
          kennysheep_generic_room_16, uniq_blork_the_orc, uniq_edmund
D:7:      layout_loops_ring, jmf_multi_god_temple2, minmay_misc_feat_iff,
          minmay_misc_feat_secret_circle, uniq_crazy_yiuf_cottage

Skill      XL: |  1  2  3  4  5  6 |
---------------+-------------------+-----
Spellcasting   | 1 2 |  2.1
Stealth        | 7 8 |  8.2
Dodging        | 3 |  3.8
Axes           | 3 |  3.7
Fighting       | 4 |  4.3
Poison Magic   | 1 |  1.5
Conjurations   | 1 |  1.3

Action                   |  1- 3 |  4- 6 |  7- 9 || total
-------------------------+-------+-------+-------++-------
Melee: Hand axe          |    70 |    55 |       ||   125
       Constrict         |    24 |    25 |     4 ||    53
       Tentacles         |    13 |    26 |     6 ||    45
       Punch             |     1 |     1 |       ||     2
       War axe           |       |    41 |    19 ||    60
Evoke: Wand              |     1 |       |       ||     1
  Use: Scroll            |     9 |     5 |       ||    14
 Stab: Sleeping          |    12 |    11 |       ||    23
Armor: Skin              |     3 |     6 |       ||     9
Dodge: Dodged            |    52 |    91 |    13 ||   156
